2883 views
Uploaded 2019-12-03 22:35:38
Game version 1.32.0.3 / 1.32.0.3.1
10:48 long 2on2 ladder game on (4)Avalanche_LV
Saved by BEARAND
2883 views
Uploaded 2019-12-03 22:35:38
Game version 1.32.0.3 / 1.32.0.3.1
10:48 long 2on2 ladder game on (4)Avalanche_LV


38 units @ 5.7k
/ 0.6k
17 buildings @ 2.3k
/ 0.6k

| Rod of Necromancy | 1 | 150 |
| Dust of Appearance | 1 | 75 |
| total: | 2 | 225g |
| Acolyte | 2 | 150 | / | 0 |
| Ghoul | 4 | 480 | / | 0 |
| Crypt Fiend | 4 | 860 | / | 160 |
| total: | 10 | 1490g | / | 160w |
| Nerubian Tower | 1 | 100 | / | 20 |
| Crypt | 1 | 200 | / | 50 |
| Altar of Darkness | 1 | 180 | / | 50 |
| Ziggurat | 3 | 450 | / | 150 |
| Tomb of Relics | 1 | 130 | / | 30 |
| Graveyard | 1 | 215 | / | 0 |
| Halls of the Dead | 1 | 320 | / | 210 |
| total: | 7 | 1175g | / | 280w |
| 0:03 | Acolyte |
| 0:06 | Crypt |
| 0:08 | Altar of Darkness |
| 0:23 | Ziggurat |
| 0:34 | Acolyte |
| 0:51 | Tomb of Relics |
| 1:07 | Ghoul |
| 1:17 | Ghoul |
| 1:29 | Nerubian Tower |
| 1:38 | Ghoul |
| 1:55 | Ghoul |
| 2:12 | Rod of Necromancy |
| 2:16 | Death Coil |
| 2:32 | Graveyard |
| 2:42 | Ziggurat |
| 3:18 | Halls of the Dead |
| 3:24 | Dust of Appearance |
| 3:53 | Crypt Fiend |
| 4:10 | Crypt Fiend |
| 4:44 | Creature Attack |
| 4:45 | Ziggurat |
| 4:49 | Unholy Aura |
| 5:04 | Crypt Fiend |
| 5:29 | Crypt Fiend |
| Right click | 178 |
| Select | 104 |
| Select group | 75 |
| Build/train/purchase | 29 |
| Chat | 19 |
| Assign group | 9 |
| Use ability | 5 |
| Esc | 4 |

| Peasant | 9 | 675 | / | 0 |
| Footman | 8 | 1080 | / | 0 |
| Rifleman | 2 | 410 | / | 60 |
| Knight | 3 | 735 | / | 180 |
| Crypt Fiend | 6 | 1290 | / | 240 |
| total: | 28 | 4190g | / | 480w |
| Barracks | 1 | 160 | / | 60 |
| Farm | 6 | 480 | / | 120 |
| Altar of Kings | 1 | 180 | / | 50 |
| Blacksmith | 1 | 140 | / | 60 |
| Lumber Mill | 1 | 120 | / | 0 |
| Keep | 1 | 320 | / | 210 |
| Castle | 1 | 360 | / | 210 |
| total: | 10 | 1080g | / | 290w |
| 0:04 | Peasant |
| 0:04 | Peasant |
| 0:04 | Peasant |
| 0:04 | Peasant |
| 0:22 | Barracks |
| 0:37 | Farm |
| 0:55 | Peasant |
| 0:55 | Peasant |
| 1:07 | Altar of Kings |
| 1:13 | Farm |
| 1:19 | Peasant |
| 1:28 | Footman |
| 1:28 | Footman |
| 1:55 | Blacksmith |
| 1:58 | Peasant |
| 2:02 | Farm |
| 2:10 | Footman |
| 2:48 | Footman |
| 2:52 | Iron Plating |
| 3:15 | Summon Water Elemental |
| 3:19 | Keep |
| 3:48 | Rifleman |
| 3:51 | Iron Forged Swords |
| 4:01 | Farm |
| 4:10 | Footman |
| 4:46 | Farm |
| 4:51 | Black Gunpowder |
| 5:11 | Rifleman |
| 5:22 | Farm |
| 5:40 | Steel Plating |
| 5:47 | Castle |
| 6:07 | Crypt Fiend |
| 6:07 | Crypt Fiend |
| 6:45 | Steel Forged Swords |
| 6:47 | Footman |
| 6:47 | Footman |
| 6:47 | Footman |
| 7:36 | Crypt Fiend |
| 7:37 | Crypt Fiend |
| 7:37 | Crypt Fiend |
| 7:37 | Crypt Fiend |
| 8:16 | Lumber Mill |
| 9:45 | Knight |
| 9:45 | Knight |
| 9:45 | Knight |
| 10:01 | Mithril Plating |
| 10:10 | Peasant |
| Right click | 183 |
| Select | 138 |
| Build/train/purchase | 46 |
| Use ability | 3 |
27 units @ 2k
/ 0k
50 buildings @ 4.5k
/ 1.9k


| Lesser Clarity Potion | 3 | 210 |
| Boots of Speed | 1 | 250 |
| Staff of Teleportation | 1 | 150 |
| Healing Salve | 2 | 200 |
| total: | 7 | 810g |
| Peasant | 16 | 1200 | / | 0 |
| total: | 16 | 1200g | / | 0w |
| Scout Tower | 20 | 600 | / | 400 |
| Arcane Tower | 1 | 70 | / | 50 |
| Guard Tower | 11 | 770 | / | 550 |
| Altar of Kings | 1 | 180 | / | 50 |
| Farm | 4 | 320 | / | 80 |
| Lumber Mill | 2 | 240 | / | 0 |
| Arcane Sanctum | 1 | 150 | / | 140 |
| Keep | 1 | 320 | / | 210 |
| Castle | 1 | 360 | / | 210 |
| total: | 28 | 1490g | / | 670w |
| 0:03 | Peasant |
| 0:04 | Peasant |
| 0:12 | Altar of Kings |
| 0:20 | Farm |
| 0:35 | Peasant |
| 0:35 | Peasant |
| 0:50 | Peasant |
| 0:53 | Scout Tower |
| 0:54 | Farm |
| 1:08 | Peasant |
| 1:12 | Peasant |
| 1:14 | Lumber Mill |
| 1:16 | Lumber Mill |
| 1:18 | Peasant |
| 1:27 | Peasant |
| 1:35 | Scout Tower |
| 1:39 | Arcane Tower |
| 1:48 | Scout Tower |
| 1:50 | Peasant |
| 2:11 | Scout Tower |
| 2:20 | Blizzard |
| 2:23 | Guard Tower |
| 2:23 | Guard Tower |
| 2:25 | Peasant |
| 2:36 | Peasant |
| 2:36 | Peasant |
| 2:46 | Guard Tower |
| 2:47 | Scout Tower |
| 2:48 | Peasant |
| 3:06 | Peasant |
| 3:30 | Peasant |
| 3:33 | Brilliance Aura |
| 3:35 | Keep |
| 3:37 | Scout Tower |
| 3:45 | Boots of Speed |
| 3:46 | Staff of Teleportation |
| 3:53 | Guard Tower |
| 3:57 | Scout Tower |
| 4:04 | Guard Tower |
| 4:43 | Scout Tower |
| 4:44 | Guard Tower |
| 4:57 | Farm |
| 4:58 | Farm |
| 5:00 | Scout Tower |
| 5:00 | Scout Tower |
| 5:02 | Scout Tower |
| 5:03 | Scout Tower |
| 5:03 | Scout Tower |
| 5:03 | Scout Tower |
| 5:15 | Guard Tower |
| 5:16 | Improved Masonry |
| 6:05 | Guard Tower |
| 6:55 | Castle |
| 6:56 | Guard Tower |
| 7:38 | Healing Salve |
| 7:49 | Storm Bolt |
| 7:58 | Guard Tower |
| 8:02 | Arcane Sanctum |
| 8:15 | Advanced Masonry |
| 9:16 | Scout Tower |
| 9:19 | Scout Tower |
| 9:54 | Scout Tower |
| 9:55 | Scout Tower |
| 9:55 | Scout Tower |
| 9:55 | Scout Tower |
| 10:01 | Guard Tower |
| 10:18 | Healing Salve |
| 10:18 | Lesser Clarity Potion |
| 10:19 | Lesser Clarity Potion |
| 10:21 | Lesser Clarity Potion |
| Right click | 1012 |
| Select | 195 |
| Select group | 86 |
| Build/train/purchase | 59 |
| Chat | 30 |
| Use ability | 22 |
| Assign group | 11 |
| Misc. action | 10 |
| Minimap ping | 4 |
| Remove unit | 3 |


| Healing Salve | 2 | 200 |
| Boots of Speed | 1 | 250 |
| Staff of Teleportation | 1 | 150 |
| total: | 4 | 600g |
| Peon | 11 | 825 | / | 0 |
| total: | 11 | 825g | / | 0w |
| Watch Tower | 10 | 1100 | / | 800 |
| Altar of Storms | 1 | 180 | / | 50 |
| Orc Burrow | 5 | 800 | / | 200 |
| War Mill | 1 | 205 | / | 0 |
| Voodoo Lounge | 3 | 390 | / | 90 |
| Barracks | 2 | 360 | / | 100 |
| Stronghold | 1 | 315 | / | 190 |
| Fortress | 1 | 325 | / | 190 |
| total: | 22 | 3035g | / | 1240w |
| 0:02 | Peon |
| 0:02 | Peon |
| 0:05 | Altar of Storms |
| 0:18 | Orc Burrow |
| 0:22 | Peon |
| 0:42 | Peon |
| 0:50 | War Mill |
| 0:58 | Peon |
| 1:04 | Voodoo Lounge |
| 1:12 | Peon |
| 1:21 | Peon |
| 1:33 | Peon |
| 1:44 | Orc Burrow |
| 2:03 | Watch Tower |
| 2:08 | Wind Walk |
| 2:13 | Healing Salve |
| 2:19 | Peon |
| 2:28 | Watch Tower |
| 2:48 | Peon |
| 2:51 | Watch Tower |
| 3:31 | Watch Tower |
| 3:32 | Peon |
| 3:42 | Watch Tower |
| 3:55 | Voodoo Lounge |
| 4:32 | Stronghold |
| 4:33 | Boots of Speed |
| 4:33 | Staff of Teleportation |
| 4:49 | Watch Tower |
| 4:57 | Watch Tower |
| 5:57 | Critical Strike |
| 5:59 | Watch Tower |
| 6:01 | Watch Tower |
| 7:11 | Watch Tower |
| 7:51 | Orc Burrow |
| 7:53 | Healing Salve |
| 8:01 | Hex |
| 8:24 | Voodoo Lounge |
| 8:47 | Fortress |
| 9:55 | Barracks |
| 9:58 | Barracks |
| 10:01 | Orc Burrow |
| 10:26 | Orc Burrow |
| Right click | 802 |
| Select | 170 |
| Select group | 43 |
| Build/train/purchase | 33 |
| Misc. action | 20 |
| Use ability | 10 |
| Assign group | 2 |